 Dungeon Crawl Stone Soup version 0.28-a0-503-g83f2989fac (webtiles) character file.

Game seed: 10415672513837409926

36 meatgazer the Skirmisher (level 3, 0/29 HPs)
             Began as a Demonspawn Abyssal Knight on Sept 20, 2021.
             Was a Follower of Lugonu.
             Killed from afar by Sigmund (5 damage)
             ... with a magic dart
             ... on level 2 of the Dungeon.
             The game lasted 00:03:04 (1415 turns).

meatgazer the Skirmisher (DsAK)                     Turns: 1415, Time: 00:03:05

Health: 0/29       AC:  6    Str: 14    XL:     3   Next: 19%
Magic:  5/5        EV: 11    Int: 11    God:    Lugonu [*.....]
Gold:   95         SH:  0    Dex: 13    Spells: 2/2 levels left

rFire   . . .      SeeInvis .   a - +1 spear
rCold   + + .      Faith    .   (no shield)
rNeg    . . .      Spirit   .   j - +2 leather armour {rC+}
rPois   .          Reflect  .   (no helmet)
rElec   .          Harm     .   (no cloak)
rCorr   .          Rampage  .   (no gloves)
Will    .....                   f - +0 pair of boots
Stlth   +.........              (no amulet)
HPRegen 0.09/turn               c - ring of protection from cold
MPRegen 0.09/turn               (no ring)

@: no status effects
A: claws 1, demonic guardian 1
a: Renounce Religion, Depart the Abyss


You were on level 2 of the Dungeon.
You worshipped Lugonu.
Lugonu was aware of your devotion.
You visited 1 branch of the dungeon, and saw 2 of its levels.
You visited the Abyss 1 time.

You collected 95 gold pieces.

Inventory:

Hand Weapons
 a - a +1 spear (weapon)
Armour
 e - a +1 leather armour of fire resistance
 f - a +0 pair of boots (worn)
 j - a +2 leather armour of cold resistance (worn)
Jewellery
 c - a ring of protection from cold (left claw)
Scrolls
 i - a scroll of teleportation
Potions
 b - 2 potions of might
 g - a potion of curing {unknown}
 h - a potion of haste {unknown}
 k - a potion of flight {unknown}


   Skills:
 + Level 3.6 Fighting
 + Level 2.2 Polearms
 - Level 1.8 Armour
 - Level 1.0 Dodging
 * Level 3.3 Invocations


You had 2 spell levels left.
You didn't know any spells.
Your spell library was empty.

Dungeon Overview and Level Annotations

Branches:
Dungeon (2/15)

Altars:

Annotations:
D:2 Sigmund


Innate Abilities, Weirdness & Mutations

You have sharp fingernails.
A weak demonic guardian rushes to your aid.


Message History

Press: ? - help, Dir - move target, f/p - Sigmund
Aim: Sigmund, wielding a +0 scythe and wearing a +0 robe (heavily wounded, about 40% to evade your +1 spear)
You reach to attack!
You hit Sigmund.
Sigmund is severely wounded.
Reach: a) +1 spear
Press: ? - help, Dir - move target, f/p - Sigmund
Aim: Sigmund, wielding a +0 scythe and wearing a +0 robe (severely wounded, about 40% to evade your +1 spear)
You reach to attack!
You hit Sigmund but do no damage.
Sigmund is severely wounded.
Sigmund points at you and mumbles some strange words.
You resist with significant effort.
Reach: a) +1 spear
Press: ? - help, Dir - move target, f/p - Sigmund
Aim: Sigmund, wielding a +0 scythe and wearing a +0 robe (severely wounded, about 40% to evade your +1 spear)
You reach to attack!
You hit Sigmund but do no damage.
Sigmund is severely wounded.
Sigmund points at you and mumbles some strange words.
You are confused.
You're too confused to aim your attacks!
Unknown command.
You bump into the rock wall.
Sigmund hits you from afar with a +0 scythe.
* * * LOW HITPOINT WARNING * * *
A demonic guardian appears!
You bump into the rock wall.
Sigmund points at you and mumbles some strange words.
The puff of flame hits your shadow imp!
Your shadow imp gestures at Sigmund.
Sigmund writhes in agony!
Sigmund laughs darkly.
Sigmund hits your shadow imp with a +0 scythe!
Your shadow imp dies!
Your shadow imp disappears in a puff of smoke!
You feel less confused. Sigmund misses you.
You hit Sigmund but do no damage.
Sigmund is almost dead.
Sigmund gestures at you while chanting. The magic dart hits you.
You die...

..# #.. #.#
## #.# #.:
#.# #.. #.#
#... #.#
###...###.#
........@.#
######@..#
#..## #..#
#..####
#.....#
##..#.#
##.#.#
#...#


You could see Sigmund.

Vanquished Creatures
  A dart slug (D:1)
  6 ball pythons
  4 bats (D:1)
  7 endoplasms
  3 goblins (D:1)
  A hobgoblin (D:1)
  3 kobolds (D:1)
  A quokka (D:1)
  A frilled lizard (D:1)
  5 rats
32 creatures vanquished.

Notes
Turn   | Place    | Note
-------+----------+-------------------------------------------
     0 | Abyss:1  | meatgazer the Demonspawn Abyssal Knight began the quest for
                  | the Orb.
     0 | Abyss:1  | Reached XP level 1. HP: 18/18 MP: 2/2
    35 | Abyss:2  | Noticed a tentacled starspawn
    35 | Abyss:2  | Noticed a thrashing horror
    35 | Abyss:2  | Noticed a small abomination
    36 | Abyss:2  | Noticed a chaos spawn
    38 | Abyss:2  | Noticed an orange crystal statue
    38 | Abyss:2  | Noticed a quasit
    96 | Abyss:3  | Noticed an apocalypse crab
   115 | D:1      | Escaped the Abyss
   301 | D:1      | Reached * piety under Lugonu
   302 | D:1      | Reached skill level 1 in Dodging
   302 | D:1      | Gained mutation: You have sharp fingernails. [demonic
                  | ancestry]
   302 | D:1      | Reached XP level 2. HP: 17/24 MP: 3/3
   688 | D:1      | Gained mutation: A weak demonic guardian rushes to your
                  | aid. [demonic ancestry]
   688 | D:1      | Reached XP level 3. HP: 22/29 MP: 5/5
  1395 | D:2      | Noticed Sigmund
  1415 | D:2      | Killed from afar by Sigmund

Illustrated notes

Levels and vault maps discovered:
D:1:      heliophobic_arrival_battle_scene, layout_rooms
D:2:      minmay_alternating_diamond, layout_basic, uniq_sigmund, uniq_robin

Skill      XL: |  1  2 |
---------------+-------+-----
Polearms       | 2 |  2.2
Dodging        | 1 |  1.0
Invocations    | 3 |  3.3
Fighting       | |  3.6
Armour         | |  1.8

Action                   || total
-------------------------++-------
Melee: Spear             ||   100
Invok: Depart the Abyss  ||     1
  Use: Scroll            ||     3
 Stab: Sleeping          ||     1
Armor: Leather armour    ||    21
Dodge: Dodged            ||    39

Table legend: (Time is in decaauts)
 A = Elapsed time spent in this place.
 B = Non-inter-level travel time spent in this place.
 C = Inter-level travel time spent in this place.
 D = Time resting spent in this place.
 E = Time spent auto-exploring this place.
 F = Levels seen in this place.
 G = Mean time per level.
                   A        B        C        D        E       F      G
               +--------+--------+--------+--------+--------+-----+--------+
         Total |   1413 |   1404 |      9 |    464 |    681 |   5 |  282.6 |
       Dungeon |   1298 |   1289 |      9 |    464 |    609 |   2 |  649.0 |
         Abyss |    114 |    114 |      0 |      0 |     72 |   3 |   38.0 |
               +--------+--------+--------+--------+--------+-----+--------+

Top non-repeatable levels by time:
     D:1: 820 daAuts
     D:2: 478 daAuts
 Abyss:3: 72 daAuts
 Abyss:2: 39 daAuts
 Abyss:1: 2 daAuts
